 Dungeon Crawl Stone Soup version 0.24-a0-139-geb6712d (webtiles) character file.

Game seed: 432611026434868126

1121 Anon1729 the Sneak (level 8, -35/54 HPs)
             Began as an Octopode Fighter on Mar 2, 2019.
             Was a Priest of Jiyva.
             Hit by a large rock thrown by a cyclops (39 damage)
             ... on level 7 of the Dungeon.
             The game lasted 00:08:53 (5603 turns).

Anon1729 the Sneak (Octopode Fighter)               Turns: 5603, Time: 00:08:53

Health: -35/54     AC:  1    Str: 22    XL:     8   Next: 34%
Magic:  8/8        EV: 14    Int: 10    God:    Jiyva [***...]
Gold:   221        SH: 11    Dex: 15    Spells: 7/7 levels left

rFire    . . .     SeeInvis .   k - +2 short sword (holy)
rCold    . . .     Gourm    .   a - +1 shield
rNeg     . . .     Faith    .   (helmet restricted)
rPois    .         Spirit   .   (no amulet)
rElec    .         Reflect  .   j - ring of stealth
rCorr    +         Harm     .   r - +2 ring of strength
MR       .....                  x - +4 ring of strength
Stlth    ++++++....             (no ring)
HPRegen  0.18/turn              (no ring)
MPRegen  0.11/turn              (no ring)
                                (no ring)
                                (no ring)

@: no status effects
A: almost no armour, stealthy swim, amphibious, 8 rings, constrict 8, camouflage
1, agile 1, gelatinous body 1
a: Request Jelly, Renounce Religion


You were on level 7 of the Dungeon.
You worshipped Jiyva.
Jiyva was most pleased with you.
You were not hungry.

You visited 2 branches of the dungeon, and saw 8 of its levels.

You collected 221 gold pieces.

Inventory:

Hand Weapons
 k - a +2 short sword of holy wrath (weapon)
Armour
 a - a +1 shield (worn)
 q - a +0 large shield
Jewellery
 j - a ring of stealth (left tentacle)
 r - a +2 ring of strength (right tentacle)
 x - a +4 ring of strength (on tentacle)
Scrolls
 e - 2 scrolls of immolation
 f - 4 scrolls of remove curse
 g - 2 scrolls of fear
 h - 3 scrolls of enchant armour
 l - 2 scrolls of enchant weapon {unknown}
 m - a scroll of blinking {unknown}
 n - 3 scrolls of amnesia
 p - a scroll of random uselessness {unknown}
 s - 2 scrolls of teleportation
Potions
 b - a potion of might
 d - 2 potions of heal wounds {unknown}
 i - 3 potions of curing {unknown}
 o - 3 potions of resistance {unknown}
 t - a potion of berserk rage {unknown}
 u - a potion of invisibility {unknown}
 v - a potion of magic {unknown}
 w - a potion of brilliance {unknown}
Comestibles
 c - 11 rations
 z - 4 chunks of flesh


   Skills:
 + Level 4.6 Fighting
 - Level 4.0 Short Blades
 + Level 4.7 Dodging
 + Level 7.0 Stealth
 + Level 4.7 Shields
 + Level 3.3 Unarmed Combat


You had 7 spell levels left.
You didn't know any spells.
Your spell library contained the following spells:

 Spells                   Type           Power        Failure   Level  Hunger
 Sandblast                Erth           #.....       80%         1    ##.....
 Passwall                 Tmut/Erth      #.......     91%         2    ###....
 Stone Arrow              Conj/Erth      #.....       99%         3    ####...
 Petrify                  Tmut/Erth      #.......     100%        4    #####..
 Lee's Rapid Deconstruct  Erth           #.........   100%        5    ######.


Dungeon Overview and Level Annotations

Branches:
Dungeon (7/15)             Temple (1/1) D:4

Altars:
Ashenzari
Cheibriados
Dithmenos
Elyvilon
Fedhas
Gozag
Hepliaklqana
Kikubaaqudgha
Makhleb
Nemelex Xobeh
Okawaru
Qazlal
Sif Muna
Trog
Uskayaw
Vehumet
Wu Jian
Xom
Yredelemnul
Zin
The Shining One
Jiyva


Innate Abilities, Weirdness & Mutations

You cannot wear most types of armour.
You are very stealthy in the water. (Stealth+)
You are amphibious.
You can wear up to eight rings at the same time.
You can use your tentacles to constrict eight enemies at once.
Your skin changes colour to match your surroundings (Stealth+).
Your rubbery body absorbs attacks. (AC +1, EV +1)
You are agile. (Dex +2)


Message History

You skewer the cyclops like a kebab!!!
The cyclops is severely wounded.
The cyclops hits you!!
You hear a distant slurping noise.
You feel a little less hungry.
You hit the cyclops.
The cyclops is severely wounded.
You hear a distant slurping noise.
You feel a little less hungry.
You hear a squelching noise.
You hit the cyclops but do no damage.
The cyclops is severely wounded.
The cyclops hits you!!
Ouch! That really hurt!
* * * LOW HITPOINT WARNING * * *
You aren't carrying any items that you can evoke.
Okay, then.
The cyclops throws a large rock.
The large rock hits you!!!
Ouch! That really hurt!
You die...

..... #.## #.#.##.#
..... ..# #.#.##.# #
...... #.# .##.###
...... #######.###
.##.... ......
#.........# .######
###### #.........#
.# # #
..#.......###.# #
#...#+##.≈.+######
##@.......)........
#.###.#...≈........
#C###..#..#≈#.......
## #..###.#≈#.......
.... #.#≈#.......
###.. ..###.......
##. ##.......... ##
.>........ #######


You could see a cyclops.

Vanquished Creatures
  An orc warrior (D:6)
  A sky beast (D:5)
  An ice beast (D:6)
  An ogre (D:7)
  A centaur (D:5)
  A scorpion (D:4)
  3 crimson imps
  7 hounds
  2 orc priests
  An iguana (D:5)
  An orc wizard (D:6)
  3 worker ants
  2 hound skeletons
  6 adders
  4 oozes
  An adder skeleton (D:4)
  3 worms (D:3)
  3 dart slugs
  11 orcs
  11 bats
  3 giant cockroaches
  4 goblins
  6 hobgoblins
  10 jackals
  4 quokkas
  3 frilled lizards
  6 kobolds
  A quokka skeleton (D:4)
  10 rats
111 creatures vanquished.

Vanquished Creatures (others)
  An ice beast (D:5)
  A phantom (D:5)
  A centaur (D:7)
  8 jellies
  A centaur skeleton (D:6)
  Ijyb (D:5)
  An orc wizard (D:6)
  A howler monkey zombie (D:6)
  2 adders
  2 oozes (D:5)
  5 orcs
  4 jackals
  A leopard gecko zombie (D:7)
29 creatures vanquished.

Grand Total: 140 creatures vanquished

Notes
Turn   | Place    | Note
-------+----------+-------------------------------------------
     0 | D:1      | Anon1729 the Octopode Fighter began the quest for the Orb.
     0 | D:1      | Reached XP level 1. HP: 16/16 MP: 1/1
   103 | D:1      | Reached XP level 2. HP: 21/21 MP: 2/2
   920 | D:2      | Reached XP level 3. HP: 20/26 MP: 3/3
  1015 | D:2      | Found a shattered altar of Ashenzari.
  1017 | D:2      | Reached skill level 1 in Stealth
  1150 | D:2      | Found a shadowy altar of Dithmenos.
  1262 | D:2      | Reached skill level 2 in Stealth
  1501 | D:2      | Reached XP level 4. HP: 31/31 MP: 4/4
  1906 | D:2      | Reached skill level 1 in Short Blades
  2041 | D:3      | Found a white marble altar of Elyvilon.
  2059 | D:3      | Found a blossoming altar of Fedhas.
  2059 | D:3      | Found a deep blue altar of Sif Muna.
  2059 | D:3      | Found a stormy altar of Qazlal.
  2140 | D:3      | Reached skill level 3 in Stealth
  2140 | D:3      | Reached XP level 5. HP: 12/36 MP: 5/5
  2558 | D:3      | Found an ancient bone altar of Kikubaaqudgha.
  2783 | D:4      | Reached XP level 6. HP: 41/42 MP: 6/6
  2820 | D:4      | Reached skill level 4 in Stealth
  2939 | D:4      | Found a burning altar of Makhleb.
  3008 | D:4      | Found a radiant altar of Vehumet.
  3008 | D:4      | Found a bloodstained altar of Trog.
  3032 | D:4      | Found a staircase to the Ecumenical Temple.
  3043 | Temple   | Entered the Ecumenical Temple
  3061 | Temple   | Became a worshipper of Jiyva Jyploska the Shapeless
  3247 | D:5      | Entered Level 5 of the Dungeon
  3249 | D:5      | Noticed a sky beast
  3299 | D:5      | Reached skill level 5 in Stealth
  3319 | D:5      | Killed a sky beast
  3319 | D:5      | Reached XP level 7. HP: 19/47 MP: 7/7
  3803 | D:5      | Noticed Ijyb
  3923 | D:6      | Reached * piety under Jiyva
  4056 | D:6      | Reached skill level 6 in Stealth
  4130 | D:5      | Killed Ijyb
  4174 | D:5      | Reached ** piety under Jiyva
  4489 | D:5      | Found an opulent altar of Gozag.
  4775 | D:6      | Found a glowing silver altar of Zin.
  4783 | D:6      | Reached XP level 8. HP: 54/54 MP: 8/8
  4897 | D:6      | Reached *** piety under Jiyva
  5333 | D:7      | Found a basalt altar of Yredelemnul.
  5351 | D:7      | Gained mutation: You are agile. (Dex +2) [Jiyva's grace]
  5550 | D:7      | Noticed a cyclops
  5563 | D:7      | Reached skill level 7 in Stealth
  5603 | D:7      | Hit by a large rock thrown by a cyclops

Levels and vault maps discovered:
D:1:      co_arrival_square_in_a_square_in_a_square, layout_basic
D:2:      layout_basic, lemuel_crystal_altar, grunt_dithmenos_smoke_and_mirrors
D:3:      layout_rooms, kiku_gazebo_garden_becter, grunt_temple_overflow_open
D:4:      layout_loops_ring, makhleb_blood_cavern_becter,
          gammafunk_temple_overflow_wave, temple_statues, first_ration
D:5:      layout_basic, grunt_gozag_breadcrumbs, uniq_ijyb
D:6:      layout_basic, lemuel_crystal_altar
D:7:      layout_basic, nicolae_overflow_crystal_walls,
          chequers_serial_rivers_micro_b, kb_rosetta
Temple:   pf_slimified_temple

Skill      XL: |  1  2  3  4  5  6  7  8 |
---------------+-------------------------+-----
Stealth        | 2 3 5 6 7 |  7.0
Short Blades   | 1 2 3 4 |  4.0
Shields        | 4 |  4.7
Fighting       | 4 |  4.6
Dodging        | 4 |  4.7
Unarmed Combat | 3 |  3.3

Action                   |  1- 3 |  4- 6 |  7- 9 || total
-------------------------+-------+-------+-------++-------
Melee: Unarmed           |    25 |       |       ||    25
       Constrict         |    14 |    28 |    15 ||    57
       Tentacles         |     8 |    28 |    24 ||    60
       Short sword       |    32 |    99 |    98 ||   229
       Punch             |       |     2 |       ||     2
  Use: Scroll            |       |       |     7 ||     7
 Stab: Sleeping          |    12 |    12 |     8 ||    32
       Distracted        |       |     1 |     1 ||     2
  Eat: Chunk             |     2 |     5 |     3 ||    10
       Ration            |       |       |     1 ||     1
Armor: Skin              |     4 |     4 |     3 ||    11
Dodge: Dodged            |    23 |    38 |    19 ||    80
Block: Shield            |    15 |    29 |    25 ||    69

Table legend:
 A = Non-vault XP
 B = Vault XP
 C = Vault XP percentage of total XP
 D = Non-vault monster count
 E = Vault monster count
 F = Vault count percentage of total count
                 A         B        C        D         E       F
            +---------+---------+-------+---------+---------+-------
      Total |    1560 |      42 |   2.6 |     110 |       1 |   0.9
            +---------+---------+-------+---------+---------+-------
        D:1 |      33 |       0 |   0.0 |      12 |       0 |   0.0
        D:2 |      75 |       0 |   0.0 |      29 |       0 |   0.0
        D:3 |     101 |       0 |   0.0 |      23 |       0 |   0.0
        D:4 |     214 |      42 |  16.4 |      13 |       1 |   7.1
        D:5 |     417 |       0 |   0.0 |      14 |       0 |   0.0
        D:6 |     489 |       0 |   0.0 |      14 |       0 |   0.0
        D:7 |     231 |       0 |   0.0 |       5 |       0 |   0.0
            +---------+---------+-------+---------+---------+-------
